[Event "Qatar Masters-B 2024"]
[Site "Doha"]
[Date "2024.12.06"]
[Round "4.1"]
[White "Zozek Salah Mohammed"]
[Black "Adeimi, Michel"]
[Result "1/2-1/2"]
[ECO "A31"]
[WhiteElo "2206"]
[BlackElo "2004"]
[Annotator "RC"]
[PlyCount "209"]
[EventDate "2024.11.24"]
[EventType "swiss"]
[EventCountry "QAT"]
[SourceTitle "playchess.com"]
[Source "ChessBase"]
[SourceQuality "1"]
[TimeControl "40/5400+30:1800+30"]

1. d4 Nf6 2. Nf3 c5 3. c4 cxd4 4. Nxd4 e5 5. Nc2 d5 6. cxd5 Qxd5 7. Qxd5 Nxd5 8. g3 Nc6 9. Bg2 Ndb4 10. Nba3 Bf5 11. Ne3 Be6 12. Nb5 Rc8 13. a3 Nd4 14. Nxd4 exd4 15. axb4 dxe3 16. Bxe3 Bxb4+ 17. Bd2 Rc4 18. Bxb4 Rxb4 19. Rxa7 O-O 20. Rxb7 Rxb7 21. Bxb7 Rb8 22. Bf3 Rxb2 23. O-O g6 24. Kg2 Kg7 25. Rc1 Rd2 26. Rc5 Kf6 27. g4 g5 28. Kg3 h6 29. h4 Rd1 30. h5 Rg1+ 31. Kh2 Rf1 32. Kg2 Rb1 33. Rc6 Ke5 34. Ra6 Rc1 35. Rb6 Rc4 36. Kg3 Rc1 37. Rb8 Kf6 38. Rd8 Rg1+ 39. Kh2 Rc1 40. e3 Rc2 41. Kg3 Rc1 42. Bd1 Rc8 43. Rd3 Rc4 44. f3 Rb4 45. Rd8 Rb7 46. Bc2 Rc7 47. Be4 Rc8 48. Rd6 Ke5 49. Ra6 Rc3 50. Ra5+ Kf6 51. Kf2 Bd7 52. Ra6+ Kg7 53. Ra7 Be6 54. Ke2 Rb3 55. Ra4 Rc3 56. Bd3 Rc1 57. Kd2 Rh1 58. Bc4 Rh2+ 59. Kd3 Bxc4+ 60. Rxc4 Ra2 61. e4 Ra3+ 62. Rc3 Ra1 63. Kd4 Ra4+ 64. Ke3 Ra1 65. e5 Re1+ 66. Kd4 Rd1+ 67. Ke4 Ra1 68. Rc4 Ra3 69. Rb4 Ra1 70. Rb3 Ra4+ 71. Ke3 Ra5 72. f4 gxf4+ 73. Kxf4 Ra1 74. Rf3 Re1 75. Kf5 Re2 76. Ra3 Rf2+ 77. Ke4 Rg2 78. Kf3 Rb2 79. Ra7 Kg8 80. Rc7 Rb1 81. Kf4 Rf1+ 82. Ke4 Re1+ 83. Kf4 Rf1+ 84. Kg3 Rg1+ 85. Kf3 Rf1+ 86. Kg2 Rf4 87. Kg3 Re4 88. Rc5 Re1 89. Rc8+ Kg7 90. Re8 Rg1+ 91. Kf3 Rf1+ 92. Kg2 Rf4 93. e6 fxe6 94. Kg3 Re4 95. Re7+ Kg8 96. Kf3 Re1 97. Kf4 Re2 98. Ra7 Re1 99. Ra2 Kf7 100. Ra7+ Kg8 101. Kf3 Re5 102. Re7 Re1 103. g5 hxg5 104. h6 Rg1 105. Ke4 1/2-1/2

[Event "Qatar Masters-B 2024"]
[Site "Doha"]
[Date "2024.12.06"]
[Round "4.2"]
[White "Zayed, Ali Al-hamed"]
[Black "Mahmood Lodhi"]
[Result "0-1"]
[ECO "E90"]
[WhiteElo "2039"]
[BlackElo "2150"]
[Annotator "RC"]
[PlyCount "126"]
[EventDate "2024.11.24"]
[EventType "swiss"]
[EventCountry "QAT"]
[SourceTitle "playchess.com"]
[Source "ChessBase"]
[SourceQuality "1"]
[TimeControl "40/5400+30:1800+30"]

1. d4 Nf6 2. c4 g6 3. Nc3 Bg7 4. e4 d6 5. h3 O-O 6. Nf3 b6 7. Bd3 Bb7 8. O-O Nbd7 9. Be3 c5 10. d5 Ne5 11. Be2 Nxf3+ 12. Bxf3 Ne8 13. Be2 e5 14. f4 exf4 15. Bxf4 Qe7 16. Qd2 Bd4+ 17. Kh1 Ng7 18. Nb5 Be5 19. Bxe5 Qxe5 20. Qc3 Qxc3 21. bxc3 Ne8 22. Rab1 Ba6 23. Bg4 Bxb5 24. Rxb5 Nc7 25. Rb3 Rfe8 26. Bf3 Re7 27. a4 Ne8 28. a5 bxa5 29. Ra1 Nf6 30. e5 Rxe5 31. Rxa5 Re7 32. Ra6 Rd8 33. Kh2 h5 34. h4 Ne4 35. Bxe4 Rxe4 36. Kh3 Rd7 37. Ra4 Kg7 38. g3 Kf6 39. Kg2 Kf5 40. Rb2 Re3 41. Rf2+ Ke4 42. Ra1 Kd3 43. Rf4 Re2+ 44. Kf1 Rh2 45. Kg1 Rd2 46. Raf1 f5 47. Ra1 Kxc3 48. Ra3+ Kb4 49. Ra1 Rb2 50. Ra6 Rc2 51. Ra1 a5 52. Rb1+ Kc3 53. Ra1 Ra7 54. Ra4 Kb3 55. Ra1 a4 56. Rb1+ Kc3 57. Ra1 a3 58. Rf3+ Kb4 59. Rb1+ Rb2 60. Ra1 a2 61. Rff1 Kxc4 62. Rfd1 Ra3 63. Rac1+ Kb4 0-1

[Event "Qatar Masters-B 2024"]
[Site "Doha"]
[Date "2024.12.06"]
[Round "4.3"]
[White "Alhassadi, Yousef A."]
[Black "Hong, Mingren"]
[Result "1/2-1/2"]
[ECO "B22"]
[WhiteElo "2126"]
[BlackElo "1951"]
[Annotator "NA RC"]
[PlyCount "83"]
[EventDate "2024.11.24"]
[EventType "swiss"]
[EventCountry "QAT"]
[SourceTitle "playchess.com"]
[Source "ChessBase"]
[SourceQuality "1"]
[TimeControl "40/5400+30:1800+30"]

1. e4 c5 2. c3 Nf6 3. e5 Nd5 4. Nf3 e6 5. Bc4 Nc6 6. d4 cxd4 7. cxd4 d6 8. O-O Be7 9. Qe2 O-O 10. Nc3 $11 Nxc3 11. bxc3 dxe5 12. dxe5 Qc7 13. Bd3 b6 14. h4 Bb7 15. h5 Na5 16. h6 g6 17. Be4 Bxe4 18. Qxe4 Qc4 19. Re1 Qxe4 20. Rxe4 Rac8 21. Bg5 Nc6 22. Rd1 Rfd8 23. Rxd8+ Rxd8 24. Bxe7 Nxe7 25. g4 Rd3 26. Rd4 Rxd4 27. Nxd4 Nd5 28. Ne2 f6 29. exf6 Nxf6 30. f3 g5 31. Nd4 Kf7 32. Nc6 Nd5 33. c4 Ne3 34. Nxa7 Nxc4 35. Nc6 Kg6 36. Nd4 e5 37. Nf5 Nd2 38. Kf2 e4 39. Ke3 Nxf3 40. Kxe4 Nh2 41. Ne3 Kxh6 42. Kd5 1/2-1/2

[Event "Qatar Masters-B 2024"]
[Site "Doha"]
[Date "2024.12.06"]
[Round "4.4"]
[White "ADEWOLE, Adeyinka Samuel"]
[Black "Shermuhammadov, Samandar"]
[Result "0-1"]
[ECO "A03"]
[WhiteElo "1954"]
[BlackElo "2108"]
[Annotator "RC"]
[PlyCount "72"]
[EventDate "2024.11.24"]
[EventType "swiss"]
[EventCountry "QAT"]
[SourceTitle "playchess.com"]
[Source "ChessBase"]
[SourceQuality "1"]
[TimeControl "40/5400+30:1800+30"]

1. f4 d5 2. Nf3 Nf6 3. e3 c5 4. b3 Nc6 5. Bb5 a6 6. Bxc6+ bxc6 7. Bb2 a5 8. a4 Bg4 9. d3 Qb6 10. Nbd2 e6 11. O-O Be7 12. Qe1 Bxf3 13. Rxf3 O-O-O 14. Rb1 Ne8 15. c4 d4 16. Ba3 dxe3 17. Qxe3 Rd4 18. f5 e5 19. Qxe5 Bd6 20. Qe1 Nf6 21. Bb2 Re8 22. Ne4 Nxe4 23. Bxd4 cxd4 24. dxe4 Bb4 25. Qh4 d3+ 26. Kf1 Qd4 27. f6 d2 28. Qh3+ Re6 29. Rd1 Qxe4 30. Kg1 g5 31. Qf5 Qxf5 32. Rxf5 Re1+ 33. Rf1 Bc5+ 34. Kh1 Bf2 35. g3 Rxf1+ 36. Rxf1 Be1 0-1

[Event "Qatar Masters-B 2024"]
[Site "Doha"]
[Date "2024.12.06"]
[Round "4.5"]
[White "Syed Abdul Khader"]
[Black "Araoune, Saadi"]
[Result "1-0"]
[ECO "A06"]
[WhiteElo "1943"]
[BlackElo "2085"]
[Annotator "NA RC"]
[PlyCount "69"]
[EventDate "2024.11.24"]
[EventType "swiss"]
[EventCountry "QAT"]
[SourceTitle "playchess.com"]
[Source "ChessBase"]
[SourceQuality "1"]
[TimeControl "40/5400+30:1800+30"]

1. Nf3 Nf6 2. b3 d5 3. e3 c5 4. Bb2 Nc6 5. Bb5 $11 a6 6. Bxc6+ bxc6 7. O-O e6 8. Ne5 Qc7 9. d3 Bd6 10. f4 O-O 11. Nd2 Nd7 12. Nxd7 Bxd7 13. Kh1 Rab8 14. Qe2 f6 15. Qf2 Be8 16. e4 Bg6 17. Rae1 Rfe8 18. e5 fxe5 19. Bxe5 Bxe5 20. Rxe5 Qa5 21. Nf3 c4 22. Nd4 Qxa2 23. Nxe6 Rb7 24. f5 Bf7 25. dxc4 dxc4 26. Qd4 Bxe6 27. Rxe6 Rf8 28. Qxc4 Rbf7 29. Rxc6 a5 30. Rc7 a4 31. Re1 h6 32. h4 axb3 33. Rxf7 Rxf7 34. Re8+ Kh7 35. Qxf7 1-0

[Event "Qatar Masters-B 2024"]
[Site "Doha"]
[Date "2024.12.06"]
[Round "4.6"]
[White "Akhmediyar, Yernur"]
[Black "Achour, Mohamed Anis"]
[Result "1-0"]
[ECO "D35"]
[WhiteElo "1898"]
[BlackElo "2051"]
[Annotator "NA RC"]
[PlyCount "67"]
[EventDate "2024.11.24"]
[EventType "swiss"]
[EventCountry "QAT"]
[SourceTitle "playchess.com"]
[Source "ChessBase"]
[SourceQuality "1"]
[TimeControl "40/5400+30:1800+30"]

1. c4 e6 2. Nc3 d5 3. d4 Be7 4. Nf3 Nf6 5. Bf4 O-O 6. e3 Nbd7 7. cxd5 exd5 8. Bd3 c6 9. Qc2 Re8 10. h3 Nf8 11. Ne5 Ne6 12. Bh2 g6 13. f4 c5 14. f5 gxf5 15. Bxf5 cxd4 16. Bxe6 Bxe6 17. exd4 Ne4 18. O-O Rc8 19. Qd3 f5 20. Nxe4 dxe4 21. Qg3+ Kh8 22. Rxf5 Qxd4+ 23. Kh1 Qxb2 24. Raf1 Rg8 25. Nf7+ Bxf7 26. Qe5+ Bf6 27. Qxf6+ Qxf6 28. Rxf6 Bg6 29. Be5 Kg7 30. R6f4+ Kh6 31. Rh4+ Bh5 32. g4 Rgf8 33. Bf4+ Rxf4 34. Rxh5+ 1-0

[Event "Qatar Masters-B 2024"]
[Site "Doha"]
[Date "2024.12.06"]
[Round "4.7"]
[White "Mosallam, Mohammad"]
[Black "Maraimov, Khudoyor"]
[Result "0-1"]
[ECO "B23"]
[WhiteElo "1753"]
[BlackElo "1832"]
[Annotator "NA RC"]
[PlyCount "93"]
[EventDate "2024.11.24"]
[EventType "swiss"]
[EventCountry "QAT"]
[SourceTitle "playchess.com"]
[Source "ChessBase"]
[SourceQuality "1"]
[TimeControl "40/5400+30:1800+30"]

1. e4 c5 2. Nc3 e6 3. f4 Nc6 4. Nf3 a6 5. d3 b5 6. g3 Bb7 7. Bg2 Qc7 8. O-O Nd4 9. f5 Bd6 10. Ng5 Nf6 11. fxe6 dxe6 12. Bf4 e5 13. Bd2 h6 14. Nf3 O-O-O 15. Nxd4 exd4 16. Nd5 Nxd5 17. exd5 h5 18. Qf3 f6 19. Qf5+ Kb8 20. Rae1 h4 21. Bf4 Bxf4 22. gxf4 h3 23. Bh1 Rh4 24. Re6 Rd6 25. Rfe1 g6 26. Qxf6 Rxe6 27. Qxh4 Rxe1+ 28. Qxe1 Qxf4 29. Qg3 Qxg3+ 30. hxg3 Bc8 31. Bf3 Kc7 32. Kh2 Kd6 33. g4 Ke5 34. Kxh3 Kf4 35. Bd1 g5 36. Kg2 Ke3 37. Bf3 c4 38. Be4 Bxg4 39. Kg3 Bd7 40. d6 b4 41. Bg6 c3 42. bxc3 bxc3 43. Bf7 a5 44. a4 Bxa4 45. Kg4 Kd2 46. Kxg5 Kxc2 47. Be6 0-1

[Event "Qatar Masters-B 2024"]
[Site "Doha"]
[Date "2024.12.06"]
[Round "4.8"]
[White "Boulrens, Ala Eddine"]
[Black "Khulan, Enkhsaikhan"]
[Result "1-0"]
[ECO "D02"]
[WhiteElo "2144"]
[BlackElo "2044"]
[Annotator "NA RC"]
[PlyCount "109"]
[EventDate "2024.11.24"]
[EventType "swiss"]
[EventCountry "QAT"]
[SourceTitle "playchess.com"]
[Source "ChessBase"]
[SourceQuality "1"]
[TimeControl "40/5400+30:1800+30"]

1. d4 d5 2. Bf4 Nf6 3. e3 e6 4. Nf3 c5 5. Nc3 a6 6. dxc5 Bxc5 7. Bd3 Nc6 8. O-O O-O 9. e4 dxe4 10. Nxe4 Be7 11. Qe2 Nd5 12. Bd2 Ncb4 13. Rfd1 Nxd3 14. Qxd3 h6 15. c4 Nf6 16. Qe2 Qc7 17. Bc3 Nd7 18. Rd2 e5 19. Rad1 f6 20. Nh4 Nc5 21. Ng6 Nxe4 22. Qxe4 Re8 23. Qd5+ Kh7 24. Nh4 Bf8 25. Ba5 Qc6 26. Qxc6 bxc6 27. Nf3 Bg4 28. Re1 Rab8 29. b3 Bc5 30. Kf1 Kg6 31. Ng1 Bd4 32. h3 Be6 33. Ne2 c5 34. f4 Bf7 35. g4 h5 36. Nxd4 exd4 37. Rde2 hxg4 38. hxg4 Rxe2 39. Rxe2 Rb7 40. Kf2 Kh7 41. Kg3 Bg6 42. f5 Bf7 43. Kf4 Kg8 44. Re1 Kf8 45. Re4 Bg8 46. Bd8 Bf7 47. g5 fxg5+ 48. Kxg5 Bg8 49. Re5 Rd7 50. Ba5 d3 51. Bd2 Re7 52. Rxc5 Re2 53. Bb4 Ke8 54. Rc8+ Kf7 55. Rf8# 1-0

[Event "Qatar Masters-B 2024"]
[Site "Doha"]
[Date "2024.12.06"]
[Round "4.9"]
[White "Khalifa Essa, Albalooshi"]
[Black "Wazwaz, Amjad"]
[Result "1-0"]
[ECO "B07"]
[WhiteElo "2050"]
[BlackElo "1956"]
[Annotator "NA RC"]
[PlyCount "73"]
[EventDate "2024.11.24"]
[EventType "swiss"]
[EventCountry "QAT"]
[SourceTitle "playchess.com"]
[Source "ChessBase"]
[SourceQuality "1"]
[TimeControl "40/5400+30:1800+30"]

1. d4 g6 2. e4 Bg7 3. Nc3 d6 4. Be3 Nf6 5. Qd2 Ng4 6. Bg5 h6 7. Bh4 Nc6 8. Nf3 a6 9. h3 Nf6 10. O-O-O b5 11. e5 Nh7 12. Qe3 d5 13. g4 Nf8 14. Nd2 Na5 15. Bg2 c6 16. f4 Qb6 17. Rdf1 Ne6 18. Ne2 Nc4 19. Nxc4 bxc4 20. f5 Nd8 21. f6 Bf8 22. fxe7 Bxe7 23. Bxe7 Kxe7 24. Qa3+ Ke8 25. Rf6 Be6 26. c3 Ra7 27. Nf4 Re7 28. Rf1 Rg8 29. Bf3 Qb8 30. Bd1 Bd7 31. Ba4 g5 32. Nh5 Ne6 33. Rxh6 Kd8 34. Nf6 Rf8 35. Nxd7 Kxd7 36. Bxc6+ Kd8 37. Rxe6 1-0

[Event "Qatar Masters-B 2024"]
[Site "Doha"]
[Date "2024.12.06"]
[Round "4.10"]
[White "Gyana Sai Santhosh M"]
[Black "Mendoza, Ryan"]
[Result "0-1"]
[ECO "B08"]
[WhiteElo "2090"]
[BlackElo "1941"]
[Annotator "NA RC"]
[PlyCount "76"]
[EventDate "2024.11.24"]
[EventType "swiss"]
[EventCountry "QAT"]
[SourceTitle "playchess.com"]
[Source "ChessBase"]
[SourceQuality "1"]
[TimeControl "40/5400+30:1800+30"]

1. e4 d6 2. d4 Nf6 3. Nc3 g6 4. Nf3 Bg7 5. Be2 O-O 6. O-O Bg4 7. h3 Bxf3 8. Bxf3 e5 9. d5 Nbd7 10. h4 Ne8 11. h5 f5 12. hxg6 hxg6 13. g3 a5 14. Kg2 Nc5 15. Rh1 Qf6 16. Be3 b6 17. Qd2 Qf7 18. exf5 Qxf5 19. Qe2 Nf6 20. g4 Qd7 21. g5 Nh7 22. Bg4 Qe7 23. Bxc5 bxc5 24. Be6+ Rf7 25. Bxf7+ Qxf7 26. Qg4 Rf8 27. Ne4 Qxd5 28. c4 Qb7 29. Rh4 Rf5 30. Kg3 Qxb2 31. Rf1 Qxa2 32. Qd1 Nxg5 33. Qd5+ Nf7 34. Qa8+ Bf8 35. Rg4 Qe2 36. Rxg6+ Kh7 37. Qxf8 Qd3+ 38. Kh2 Rh5+ 0-1